 Dungeon Crawl Stone Soup version 0.19-a0-831-gce7da8b (webtiles) character file.

184 AlphabetPasta the Skirmisher (level 5, -13/41 HPs)
             Began as a Demonspawn Abyssal Knight on June 30, 2016.
             Was a Priest of Lugonu.
             Mangled by an ogre
             ... wielding a +0 giant club
              (24 damage)
             ... on level 4 of the Dungeon.
             The game lasted 00:18:24 (3658 turns).

AlphabetPasta the Skirmisher (DsAK)                 Turns: 3658, Time: 00:18:25

Health: -13/41     AC:  8    Str: 13    XL:     5   Next: 36%
Magic:  7/7        EV: 10    Int: 13    God:    Lugonu [***...]
Gold:   178        SH:  3    Dex: 13    Spells: 0 memorised, 4 levels left

rFire  . . .     SeeInvis .     a - +2 spear
rCold  . . .     Gourm    .     x - +0 scale mail
rNeg   . . .     Faith    .     p - +0 buckler
rPois  .         Spirit   .     q - +0 helmet
rElec  .         Dismiss  .     i - +0 cloak
rCorr  .         Reflect  .     (no gloves)
SustAt .         Harm     .     (no boots)
MR     .....                    (no amulet)
Stlth  +.........               (no ring)
                                (no ring)

@: hasted, very quick, not resistant to hostile enchantments, very unstealthy
A: claws 2, repulsion field 1, nightstalker 1
a: Depart the Abyss, Bend Space, Banish, Renounce Religion


You were on level 4 of the Dungeon.
You worshipped Lugonu.
Lugonu was most pleased with you.
You were not hungry.

You visited 1 branch of the dungeon, and saw 4 of its levels.
You visited the Abyss 1 time.

You collected 178 gold pieces.

Inventory:

Hand Weapons
 a - a +2 spear (weapon)
Missiles
 n - 20 bolts
Armour
 b - a +0 leather armour
 i - a +0 cloak (worn)
 p - a +0 buckler (worn)
 q - a +0 helmet (worn)
 x - a +0 scale mail (worn)
Jewellery
 g - an uncursed ring of flight {unknown}
 l - an uncursed ring of resist corrosion {unknown}
 s - an uncursed ring of flight {unknown}
Scrolls
 d - 2 scrolls of enchant weapon
 f - 2 scrolls of remove curse
 h - a scroll of amnesia
 k - a scroll of recharging
Potions
 e - a potion of magic
 r - a potion of cure mutation
 t - a potion of curing
Comestibles
 c - 3 bread rations
 u - 3 chunks of flesh
 w - 2 meat rations


   Skills:
 + Level 3.6 Fighting
 * Level 3.6 Polearms
 + Level 2.7 Armour
 + Level 1.5 Dodging
 + Level 3.4 Invocations


You had 4 spell levels left.
You didn't know any spells.

Dungeon Overview and Level Annotations

Branches:
Dungeon (4/15)
 Temple: D:4-7

Altars:
Nemelex Xobeh
Pakellas
Sif Muna

Annotations:
D:3 Terence


Innate Abilities, Weirdness & Mutations

You have very sharp fingernails.
You are surrounded by a mild repulsion field. (EV +2)
You are slightly more attuned to the shadows.


Message History

There is an open door here.
g - a silver ring You now have 178 gold pieces (gained 9).
An ogre comes into view. It is wielding a giant club.
The ogre shouts!
Evoke which item? (* to show all) (? for menu, Esc to quit)
Okay, then.
You hit the ogre but do no damage. The ogre hits you with a giant club!!
Ouch! That really hurt!
You closely miss the ogre. You hit the ogre.
The ogre is lightly wounded.
The ogre hits you with a giant club.
* * * LOW HITPOINT WARNING * * *
Found 2 gold pieces.
Okay, then.
It was a potion of haste.
You feel yourself speed up. The ogre hits you with a giant club!!
Ouch! That really hurt!
You die...

.,,,,,,*,,,*,....+,,,*....#.....#
.,,,,,,***,*,....#+##*#.>.#.....#
#*********,**#......###...#.....#
*,,,,,,+,,,#......#.....+.....#
*,,,,,,*,,,#.<....'.....#.....#
*,,,,,,*,,,+......#.....#.....#
*,,,,,,*,,,#......#.....#.....#
*,,,,,,*,,,#......#.....#.....#
****,,,***,,,#..@O..####+##.....#
,,**,,,***,,,#..................#
,,*,,,,*,,,,,+..................#
,,*,,,,+,,,,,#....[.....รท.......#
,,*,,,,*,,,,,#..................#
,,***+*******#..................#
,,,,,,,,,,,,......#+####.........
,,,,,,,,,,,,......+,,,,#.........
,,,,,,,,,,,,.....(*,,,,#......>..


You could see an ogre.

Vanquished Creatures
  A worker ant (D:4)
  5 adders
  An ooze (D:2)
  3 worms
  A dart slug (D:2)
  9 orcs (D:3)
  8 bats
  6 giant cockroaches
  8 goblins
  10 hobgoblins
  6 jackals
  3 quokkas
  A ball python (D:2)
  4 giant newts
  13 kobolds
  11 rats
90 creatures vanquished.

Vanquished Creatures (others)
  A jackal (D:4)
1 creature vanquished.

Grand Total: 91 creatures vanquished

Notes
Turn   | Place    | Note
--------------------------------------------------------------
     0 | Abyss:1  | AlphabetPasta the Demonspawn Abyssal Knight began the quest for the Orb.
     0 | Abyss:1  | Reached XP level 1. HP: 18/18 MP: 2/2
    40 | Abyss:1  | Found a corrupted altar of Lugonu.
    93 | Abyss:1  | Found a corrupted altar of Lugonu.
   108 | Abyss:1  | Noticed a worldbinder
   109 | D:1      | Escaped the Abyss
   203 | D:1      | Reached * piety under Lugonu
   222 | D:1      | Found a sparkling altar of Nemelex Xobeh.
   261 | D:1      | Gained mutation: You have sharp fingernails. [demonic ancestry]
   261 | D:1      | Reached XP level 2. HP: 24/24 MP: 4/4
   316 | D:1      | Reached skill level 1 in Dodging
   609 | D:1      | Gained mutation: You have very sharp fingernails. [demonic ancestry]
   609 | D:1      | Reached XP level 3. HP: 26/29 MP: 5/5
   755 | D:1      | Reached ** piety under Lugonu
  1539 | D:2      | Gained mutation: You are slightly more attuned to the shadows. [demonic ancestry]
  1539 | D:2      | Reached XP level 4. HP: 33/35 MP: 6/6
  1958 | D:3      | Noticed Terence
  2524 | D:3      | Found a deep blue altar of Sif Muna.
  2568 | D:3      | Found an oddly glowing altar of Pakellas.
  2600 | D:3      | Reached *** piety under Lugonu
  3130 | D:3      | Gained mutation: You are surrounded by a mild repulsion field. (EV +2) [demonic ancestry]
  3130 | D:3      | Reached XP level 5. HP: 34/41 MP: 7/7
  3623 | D:4      | Noticed an ogre
  3658 | D:4      | Mangled by an ogre

Vault maps used:
D:1:      lightli_iron_boxes, nemelex_diamond_rough_becter
D:2:      first_bread
D:3:      marbit_many_paths, grunt_pakellas_sulfur, uniq_terence
D:4:      lemuel_flame_loot_1, uniq_blork_the_orc

Skill      XL: |  1  2  3  4 |
---------------+-------------+-----
Polearms       | 2 3 |  3.6
Armour         | 2 |  2.7
Dodging        | 1 |  1.5
Invocations    | 3 |  3.4
Fighting       | |  3.6

Action                   |  1- 3 |  4- 6 || total
-------------------------+-------+-------++-------
Melee: Spear             |   201 |   226 ||   427
Invok: Depart the Abyss  |     1 |       ||     1
  Use: Scroll            |       |    11 ||    11
       Potion            |       |     1 ||     1
 Stab: Distracted        |       |     2 ||     2
       Sleeping          |       |     2 ||     2
  Eat: Chunk             |     2 |     6 ||     8
       Pizza             |       |     1 ||     1
Armor: Leather armour    |    46 |    11 ||    57
       Scale mail        |       |    31 ||    31
Dodge: Dodged            |    81 |    72 ||   153
Block: Buckler           |     8 |    20 ||    28
